 Dungeon Sprint DCSS version 0.30.1-9-gdf580d7c3d (webtiles) character file.

Game seed: 5553013179207297848

311 Heoruswealwe the Spear-Bearer (level 6, -1/62 HPs)
             Began as a Minotaur Fighter on Oct 25, 2023.
             Was an Initiate of Gozag.
             Slain by a vampire mosquito (5 damage)
             ... in the Dungeon (Sprint IX: "|||||||||||||||||||||||||||||").
             The game lasted 00:01:23 (131 turns).

Heoruswealwe the Spear-Bearer (Minotaur Fighter)     Turns: 131, Time: 00:01:25

Health: -1/62      AC: 11    Str: 22    XL:     6   Next: 18%
Magic:  5/5        EV:  8    Int:  5    God:    Gozag
Gold:   0          SH:  4    Dex: 10    Spells: 5/5 levels left

rFire   . . .        a - +0 trident
rCold   . . .        d - +0 buckler
rNeg    . . .        c - +0 chain mail
rPois   .            (helmet restricted)
rElec   .            (no cloak)
rCorr   .            (no gloves)
SInv    .            (no boots)
Will    .....        (no amulet) Stlth
                     (no ring)
HPRegen 0.30/turn    (no ring)
MPRegen 0.09/turn

%: no teleportation
@: gold aura
A: horns 2, retaliatory headbutt
a: Renounce Religion, Potion Petition, Call Merchant, Bribe Branch


You were in the Dungeon.
You worshipped Gozag.
Gozag was noncommittal.
You visited 1 branch

Inventory:

Hand Weapons
 a - a +0 trident (weapon)
 k - a +2 halberd of protection
Armour
 c - a +0 chain mail (worn)
 d - a +0 buckler (worn)
Jewellery
 l - a +2 ring of protection
 m - a +2 ring of protection
Wands
 h - a wand of light (10)
Scrolls
 j - 2 scrolls of blinking
Potions
 b - a potion of might
 e - 5 potions of curing
 f - 3 potions of heal wounds
 g - a potion of haste
 i - a potion of berserk rage


   Skills:
 + Level 8.6 Fighting
 * Level 11.2 Polearms
 + Level 8.6 Armour
 - Level 3.6 Shields


You had 5 spell levels left.
You didn't know any spells.
Your spell library was empty.

Dungeon Overview and Level Annotations

Branches:
Dungeon (1/1)

Altars:
Cheibriados
Dithmenos
Elyvilon
Fedhas
Gozag
Hepliaklqana
Kikubaaqudgha
Makhleb
Nemelex Xobeh
Okawaru
Qazlal
Ru
Sif Muna
Trog
Uskayaw
Vehumet
Wu Jian
Xom
Yredelemnul
Zin
The Shining One
Jiyva
Lugonu


Innate Abilities, Weirdness & Mutations

You have a pair of horns on your head.
You reflexively headbutt those who attack you in melee.


Message History

The vampire mosquito is almost destroyed.
The vampire mosquito bites you but does no damage.
You closely miss the vampire mosquito.
The vampire mosquito is almost destroyed.
The vampire mosquito bites you.
The vampire mosquito draws strength from your injuries!
The vampire mosquito bites you.
The vampire mosquito draws strength from your injuries!
You closely miss the vampire mosquito.
Your headbutt misses the vampire mosquito.
The vampire mosquito is severely damaged.
The vampire mosquito bites you but does no damage.
The howler monkey is distracted by your dazzling golden aura.
You barely miss the vampire mosquito.
The vampire mosquito is severely damaged.
The vampire mosquito bites you.
* * * LOW HITPOINT WARNING * * *
The vampire mosquito draws strength from your injuries!
The vampire mosquito bites you.
* * * LOW HITPOINT WARNING * * *
The vampire mosquito draws strength from your injuries!
You miss the vampire mosquito.
The howler monkey howls!
Your headbutt misses the vampire mosquito.
The vampire mosquito is heavily damaged.
The orc wizard casts a spell.
The orc wizard flickers and vanishes!
The vampire mosquito bites you!
* * * LOW HITPOINT WARNING * * *
The vampire mosquito draws strength from your injuries!
You puncture the vampire mosquito!
The vampire mosquito is heavily damaged.
The vampire mosquito bites you but does no damage.
You block the vampire mosquito's attack.
You hit the vampire mosquito but do no damage.
Your headbutt misses the vampire mosquito.
The vampire mosquito is heavily damaged.
The howler monkey is no longer distracted by gold.
The vampire mosquito bites you.
You die...
Your body crumbles into a pile of gold. ▓▓▓▓▓▓▓▓▓▓▓▓▓▓▓▓▓▓▓▓▓▓▓▓ ..{hl{y@.[[[.)?!'_______ ▓▓▓▓▓▓▓▓▓▓▓▓▓▓▓▓▓▓▓▓▓▓▓▓ $ $$$$$ $ $ $ $$$$$ $$$$$$

You could see a wyvern, a vampire mosquito and a howler monkey.

Vanquished Creatures
  An acid dragon (D)
  A phantom (D)
  A scorpion (D)
  2 hounds (D)
  A dart slug (D)
  An orc (D)
  An endoplasm (D)
  A hobgoblin (D)
  2 rats (D)
11 creatures vanquished.

Notes
Turn   | Place    | Note
-------+----------+-------------------------------------------
     0 | D        | Heoruswealwe the Minotaur Fighter began the quest for the
                  | Orb.
     0 | D        | Reached XP level 1. HP: 19/19 MP: 0/0
     6 | D        | Reached skill level 3 in Polearms
    14 | D        | Reached skill level 4 in Polearms
    19 | D        | Noticed a scorpion
    19 | D        | Noticed a hound
    19 | D        | Noticed a phantom
    19 | D        | Noticed a hound
    21 | D        | Killed a hound
    22 | D        | Reached skill level 5 in Fighting
    22 | D        | Reached skill level 5 in Polearms
    22 | D        | Reached skill level 5 in Armour
    22 | D        | Reached XP level 2. HP: 29/29 MP: 1/1
    22 | D        | Reached XP level 3. HP: 36/36 MP: 2/2
    31 | D        | Killed a phantom
    32 | D        | Reached skill level 8 in Polearms
    32 | D        | Reached XP level 4. HP: 37/45 MP: 3/3
    42 | D        | Reached XP level 5. HP: 36/52 MP: 4/4
    45 | D        | Reached skill level 10 in Polearms
    62 | D        | Found a snail-covered altar of Cheibriados.
    62 | D        | Found a shadowy altar of Dithmenos.
    62 | D        | Found a white marble altar of Elyvilon.
    62 | D        | Found a blossoming altar of Fedhas.
    62 | D        | Found an opulent altar of Gozag.
    63 | D        | Found a hazy altar of Hepliaklqana.
    64 | D        | Found a viscous altar of Jiyva.
    65 | D        | Found an ancient bone altar of Kikubaaqudgha.
    66 | D        | Found a corrupted altar of Lugonu.
    67 | D        | Found a burning altar of Makhleb.
    68 | D        | Found a sparkling altar of Nemelex Xobeh.
    69 | D        | Found an iron altar of Okawaru.
    70 | D        | Became a worshipper of Gozag Ym Sagoz the Greedy
    71 | D        | Found a stormy altar of Qazlal.
    72 | D        | Found a sacrificial altar of Ru.
    73 | D        | Found a shimmering blue altar of Sif Muna.
    74 | D        | Found a bloodstained altar of Trog.
    75 | D        | Found a hide-covered altar of Uskayaw.
    76 | D        | Found a radiant altar of Vehumet.
    77 | D        | Found an ornate altar of the Wu Jian Council.
    78 | D        | Found a shimmering altar of Xom.
    79 | D        | Found a basalt altar of Yredelemnul.
    80 | D        | Found a glowing silver altar of Zin.
    81 | D        | Found a glowing golden altar of the Shining One.
   106 | D        | Noticed a wyvern
   106 | D        | Noticed a vampire mosquito
   106 | D        | Noticed an acid dragon
   118 | D        | Killed an acid dragon
   119 | D        | Reached skill level 11 in Polearms
   119 | D        | Reached XP level 6. HP: 52/62 MP: 5/5
   131 | D        | Slain by a vampire mosquito

Illustrated notes

Levels and vault maps discovered:
D:        linesprint [early_d, line_temple, items_1, d_10, items_2, lair_1,
          lair_end, items_3, orc_1, orc_end, items_4, d_15, swamp_1, shoals_1,
          snake_1, spider_1, d_20, vaults_1, items_5, swamp_end, shoals_end,
          snake_end, spider_end, vaults_end, d_27, items_6, zot_1, zot_end,
          crypt_end, forest_end, elf_end, slime_end, tomb_end, abyss_end,
          pan_hell_end]

Skill      XL: |  1  2  3  4  5 |
---------------+----------------+-----
Polearms       | 5 8 11 | 11.2
Fighting       | 5 6 7 8 |  8.6
Armour         | 5 6 7 8 |  8.6
Shields        | |  3.6

Action                     |  1- 3 |  4- 6 || total
---------------------------+-------+-------++-------
  Melee: Trident           |    20 |    38 ||    58
         Headbutt          |     3 |     7 ||    10
 Armour: Scale mail        |     4 |     2 ||     6
         Chain mail        |       |    13 ||    13
  Dodge: Dodged            |     7 |    11 ||    18
  Block: Buckler           |     2 |     7 ||     9
